 Dungeon Crawl Stone Soup version 0.15-a0-2099-gfb1bfb9 (console) character file.

50 spidey the Sneak (level 3, 0/16 HPs)
             Began as a Spriggan Ice Elementalist on July 14, 2014.
             Succumbed to a worker ant's poison
             ... on Level 4 of the Dungeon.
             The game lasted 00:03:36 (486 turns).

spidey the Sneak (Spriggan Ice Elementalist)         Turns: 486, Time: 00:03:36

HP   0/16        AC  2     Str  4      XL: 3   Next: 55%
MP   2/9         EV 18     Int 17      God:
Gold 39          SH  0     Dex 16      Spells:  2 memorised,  4 levels left

rFire  . . .     SeeInvis +     e - +0 dagger (drain)
rCold  . . .     Clarity  .     a - +0 robe
rNeg   . . .     rCorr    .     (shield restricted)
rPois  .         rRot     .     (helmet restricted)
rElec  .         Spirit   .     (no cloak)
SustAb .         Warding  .     (gloves unavailable)
rMut   .         Stasis   .     (boots unavailable)
Gourm  .                        (no amulet)
MR     .....                    (no ring)
                                (no ring)

@: lethally poisoned, very slightly contaminated, very quick, not resistant to
hostile enchantments, fairly stealthy
A: unfitting armour, see invisible, herbivore 3, speed 3, slow metabolism 2
a: no special abilities


You were on level 4 of the Dungeon.
You were not hungry.

You visited 1 branch of the dungeon, and saw 4 of its levels.

You collected 39 gold pieces.

Inventory:

Hand weapons
 e - a +0 dagger of draining (weapon)
 h - a +2 whip of venom
Armour
 a - a +0 robe (worn)
Comestibles
 f - 2 fruits
Scrolls
 d - 2 scrolls of remove curse {unknown}
 g - 2 scrolls of teleportation {unknown}
 i - a scroll of fear {unknown}
 j - a scroll of identify {unknown}
Potions
 c - a potion of porridge
Books
 b - a book of Frost

   Spells                             Type                      Level
   *Freeze                            Ice                          1
   *Throw Frost                       Conjuration/Ice              2
   Ozocubu's Armour                   Charms/Ice                   3
   Throw Icicle                       Conjuration/Ice              4
   Summon Ice Beast                   Ice/Summoning                4
   Condensation Shield                Ice                          4


   Skills:
 - Level 3.0 Dodging
 - Level 3.0 Stealth
 - Level 2.6 Spellcasting
 + Level 2.0 Conjurations
 - Level 3.0 Ice Magic


You had 4 spell levels left.
You knew the following spells:

 Your Spells              Type           Power        Failure   Level  Hunger
a - Freeze                Ice            ##..         6%          1    #......
b - Throw Frost           Conj/Ice       ##....       12%         2    ##.....


Dungeon Overview and Level Annotations

Branches:
Dungeon (4/15)
 Temple: D:4-7

Altars:
Ashenzari


Innate Abilities, Weirdness & Mutations

You are tiny and cannot use many weapons and most armour.
You have supernaturally acute eyesight.
You are a herbivore.
You cover ground extremely quickly.
You need consume almost no food.


Message History

Press: ? - help, Shift-Dir - straight line, f/p - worker ant
Aim: a worker ant (heavily wounded)
You freeze the worker ant.
The worker ant is severely wounded.
The worker ant bites you.
* * * LOW HITPOINT WARNING * * *
You are lethally poisoned!
The worker ant poisons you!
Casting: Freeze
Confirm with . or Enter, or press ? or * to list all spells.
Aiming: Freeze
Press: ? - help, Shift-Dir - straight line, f/p - worker ant
Aim: a worker ant (severely wounded)
You freeze the worker ant.
The worker ant is almost dead.
* * * LOW HITPOINT WARNING * * *
You feel sick. The worker ant barely misses you.
Drink which item? (? for menu, Esc to quit)
You feel refreshed.
It was a potion of restore abilities.
You die...

############
#..........#
#.......@..#
#.......a..#
#..........# ####
#..%<..>...# #...
#..........#
#....#..........#
+....#.....######
.?#....'.....#
..####+#.....#


You could see a worker ant.

Vanquished Creatures
  2 adders
  A giant mite (D:3)
  A giant gecko (D:2)
  7 bats
  2 goblins (D:1)
  2 hobgoblins
  4 kobolds
  2 giant newts (D:2)
  6 rats
27 creatures vanquished.

Notes
Turn   | Place    | Note
--------------------------------------------------------------
     0 | D:1      | spidey, the Spriggan Ice Elementalist, began the quest for the Orb.
     0 | D:1      | Reached XP level 1. HP: 9/9 MP: 4/4
    66 | D:2      | Found a shattered altar of Ashenzari.
    92 | D:1      | Reached XP level 2. HP: 7/13 MP: 1/7
   113 | D:1      | Learned a level 2 spell: Throw Frost
   231 | D:2      | Reached skill level 1 in Conjurations
   264 | D:2      | Reached XP level 3. HP: 8/16 MP: 1/9
   486 | D:4      | Succumbed to a worker ant's poison

Action                   || total
-------------------------++-------
Melee: Dagger            ||    22
       Unarmed           ||     2
       Whip              ||     1
 Cast: Freeze            ||    25
       Throw Frost       ||     2
  Use: Potion            ||     1
 Stab: Sleeping          ||     4
       Distracted        ||     1
